 Dungeon Crawl Stone Soup version 0.22-a0-422-g9628fc8 (webtiles) character file.

4 Amnesiac the Changer (level 1, -1/9 HPs)
             Began as a Spriggan Transmuter on May 18, 2018.
             Slain by a goblin (3 damage)
             ... on level 2 of the Dungeon.
             The game lasted 00:00:38 (223 turns).

Amnesiac the Changer (Spriggan Transmuter)           Turns: 223, Time: 00:00:38

Health: -1/9       AC:  2    Str:  6    XL:     1   Next: 58%
Magic:  4/5        EV: 18    Int: 14    God:
Gold:   10         SH:  0    Dex: 16    Spells: 4/5 levels left

rFire    . . .     SeeInvis +     - Unarmed
rCold    . . .     Gourm    .   (shield restricted)
rNeg     . . .     Faith    .   b - +0 robe
rPois    .         Spirit   .   (helmet restricted)
rElec    .         Reflect  .   (no cloak)
rCorr    .         Harm     .   (gloves unavailable)
MR       .....                  (boots unavailable)
Stlth    +.........             (no amulet)
HPRegen  0.03/turn              (no ring)
MPRegen  0.09/turn              (no ring)

@: appendage (expiring), very slightly contaminated, very quick
A: very small, unfitting armour, talons 3, see invisible, herbivore, speed 3,
slow metabolism 2
a: End Transformation


You were on level 2 of the Dungeon.
You were not hungry.
You had grown temporary talons.
You visited 1 branch of the dungeon, and saw 2 of its levels.

You collected 10 gold pieces.

Inventory:

Missiles
 a - 58 arrows
Armour
 b - a +0 robe (worn)
Scrolls
 c - a scroll of remove curse {!r, unknown}
 e - a scroll of identify {!r, unknown}
Comestibles
 d - a ration


   Skills:
 - Level 0.7 Fighting
 - Level 3.0 Dodging
 - Level 2.4 Unarmed Combat
 + Level 2.9 Spellcasting
 * Level 3.1 Transmutations


You had 4 spell levels left.
You knew the following spells:

 Your Spells              Type           Power        Failure   Level  Hunger
a - Beastly Appendage     Tmut           ##....       6%          1    #......

Your spell library contained the following spells:

 Spells                   Type           Power        Failure   Level  Hunger
 Spider Form              Tmut/Pois      #.........   34%         3    ###....
 Blade Hands              Tmut           ##........   86%         5    ######.
 Ice Form                 Ice/Tmut       #.......     75%         4    #####..
 Sticks to Snakes         Tmut           ##......     9%          2    ##.....


Dungeon Overview and Level Annotations

Branches:
Dungeon (2/15)

Altars:


Innate Abilities, Weirdness & Mutations

You are very small and have problems with some larger weapons.
You are too small for most types of armour.
You have supernaturally acute eyesight. (SInv)
You are a herbivore.
You cover ground extremely quickly.
You need to consume almost no food.
You have claws for feet.


Message History

The kobold hits you but does no damage.
You closely miss the kobold.
The kobold is severely wounded.
The kobold barely misses you.
You hit the kobold.
You kill the kobold!
You barely miss the kobold. The kobold closely misses you.
You hit the kobold.
You kill the kobold!
Things that are here:
4 stones; a kobold corpse
e - a scroll labeled TETOKOLLISK {!r} Your talons disappear.
HP restored.
There is a stone staircase leading up here.
You see here a stone.
A rat and a goblin come into view.
The goblin shouts!
You hear a bark!
Found a ring mail.
You see here 6 gold pieces.
You now have 10 gold pieces (gained 6).
A jackal comes into view.
Casting: Beastly Appendage (safe; 6% risk of failure)
Confirm with . or Enter, or press ? or * to list all spells.
You miscast Beastly Appendage.
You are very lightly contaminated with residual magic.
Your hair momentarily turns into snakes!
A jackal comes into view.
The jackal moves out of view.
You closely miss the goblin. The goblin misses you. The rat closely misses you.
The goblin barely misses you.
You see here a stone.
Casting: Beastly Appendage (safe; 6% risk of failure)
Confirm with . or Enter, or press ? or * to list all spells.
Your feet morph into talons.
You barely miss the goblin. You claw the goblin.
The goblin is moderately wounded.
The goblin closely misses you.
You closely miss the goblin. The goblin closely misses you.
You barely miss the goblin. The goblin completely misses you.
You hit the goblin.
The goblin is heavily wounded.
The goblin hits you but does no damage.
You closely miss the goblin.
The goblin is heavily wounded.
Your transformation is almost over.
The goblin hits you but does no damage.
The jackal bites you but does no damage.
You closely miss the goblin. You punch the goblin.
The goblin is severely wounded.
The jackal bites you but does no damage.
The goblin hits you but does no damage.
You closely miss the goblin.
The goblin is severely wounded.
The jackal completely misses you. The goblin hits you.
You closely miss the jackal. The jackal closely misses you.
The goblin misses you. The jackal bites you.
* * * LOW HITPOINT WARNING * * *
You closely miss the jackal. The jackal barely misses you.
The goblin completely misses you.
You aren't carrying any potions.
Okay, then.
You barely miss the jackal. The jackal closely misses you. The goblin hits you.
You die...

........................
..............(.........
...............##.#....
#........#....# # .
#........<#+#.#
#...........#.#
...#......hr...#.#
.........##g#..#+#
...#.....##@#.....
+.....##h#......
#...............
.................
..................
.[..............
.................
.............


You could see 2 jackals, a goblin and a rat.

Vanquished Creatures
  A bat (D:1)
  A goblin (D:1)
  2 kobolds (D:2)
  A rat (D:1)
5 creatures vanquished.

Notes
Turn   | Place    | Note
-------+----------+-------------------------------------------
     0 | D:1      | Amnesiac the Spriggan Transmuter began the quest for the Orb.
     0 | D:1      | Reached XP level 1. HP: 9/9 MP: 5/5
   223 | D:2      | Slain by a goblin

Vault maps used:
D:1:      dpeg_cavernosity
D:2:      yredelemnul_altar_generic, minmay_tetromino_s4

Skill      XL: |  1 |
---------------+----+-----
Transmutations | 3 |  3.1
Fighting       | |  0.7
Dodging        | |  3.0
Unarmed Combat | |  2.4
Spellcasting   | |  2.9

Action                   || total
-------------------------++-------
Melee: Unarmed           ||    39
       Kick              ||     3
       Headbutt          ||     1
       Punch             ||     1
 Cast: Beastly Appendage ||     4
Armor: Robe              ||    10
Dodge: Dodged            ||    35

Table legend:
 A = Spawn XP
 B = Non-spawn XP
 C = Spawn XP percentage of total XP
 D = Spawn monster count
 E = Non-spawn monster count
 F = Spawn count percentage of total count
 G = Total turns spent on level
                    A         B        C        D         E        F      G
               +---------+---------+-------+---------+---------+-------+---------
         Total |       0 |       7 |   0.0 |       0 |       5 |   0.0 |   223
               +---------+---------+-------+---------+---------+-------+---------
           D:1 |       0 |       5 |   0.0 |       0 |       3 |   0.0 |   177
           D:2 |       0 |       2 |   0.0 |       0 |       2 |   0.0 |    46
               +---------+---------+-------+---------+---------+-------+---------
